 Dungeon Crawl Stone Soup version 0.20-a0-645-g0ac6e19 (webtiles) character file.

3388 Elitist the Grappler (level 9, -14/89 HPs)
             Began as a Troll Wanderer on Feb 14, 2017.
             Demolished by an orc knight
             ... wielding a +0 war axe
              (24 damage)
             ... in a bailey.
             The game lasted 00:18:14 (6861 turns).

Elitist the Grappler (Troll Wanderer)               Turns: 6861, Time: 00:18:15

Health: -14/89     AC:  6    Str: 25    XL:     9   Next: 74%
Magic:  3/9        EV: 13    Int:  4    God:
Gold:   354        SH:  0    Dex: 15    Spells: 10/10 levels left

rFire    . . .     SeeInvis .     - Unarmed
rCold    . . .     Gourm    +   e - +0 robe
rNeg     . . .     Faith    .   (no shield)
rPois    +         Spirit   .   (helmet restricted)
rElec    .         Reflect  .   (no cloak)
rCorr    .         Harm     .   (gloves unavailable)
MR       .....                  (boots unavailable)
Stlth    +.........             (no amulet)
Regen    0.7/turn               K - +2 ring of strength
MPRegen  0.2/turn               J - +1 ring of protection

@: about to teleport
A: unfitting armour, claws 3, hooves 1, fast metabolism 3, gourmand, poison
resistance, regeneration 1, shaggy fur 1, tough skin 2
a: no special abilities


You were in a bailey.
You were very full.

You visited 2 branches of the dungeon, and saw 10 of its levels.
You also visited: Ossuary and Bailey.

You collected 536 gold pieces.
You spent 182 gold pieces at shops.

Inventory:

Missiles
 v - 7 steel javelins
 E - 7 tomahawks (quivered)
 P - 4 large rocks
Armour
 e - a +0 robe (worn)
Jewellery
 m - an uncursed ring of fire
 G - a +3 ring of dexterity
 J - a +1 ring of protection (left claw)
 K - a +2 ring of strength (right claw)
Wands
 p - a wand of paralysis (11/24)
 z - a wand of enslavement (13/24)
 L - a wand of random effects (35/48)
 M - a wand of iceblast (5/15)
 N - a wand of paralysis (16/24)
Scrolls
 d - 2 scrolls of blinking {unknown}
 l - a scroll of magic mapping
 n - 2 scrolls of teleportation
 o - 6 scrolls of remove curse
 y - a scroll of enchant armour {unknown}
 A - a scroll of enchant weapon {unknown}
 D - a scroll of recharging
 O - 3 scrolls of identify
Potions
 a - a potion of resistance
 h - 3 potions of might
 i - 3 potions of agility
 j - a potion of flight {unknown}
 q - 4 potions of brilliance
 r - 8 potions of curing
 s - 5 potions of heal wounds
 t - a potion of mutation
 w - 4 potions of haste
 x - a potion of lignification
 B - a potion of berserk rage
 C - a potion of magic {unknown}
Books
 g - a book of Frost

   Spells                             Type                      Level
   a - Freeze                         Ice                          1
   b - Throw Frost                    Conjuration/Ice              2
   c - Ozocubu's Armour               Charms/Ice                   3
   d - Throw Icicle                   Conjuration/Ice              4
   e - Summon Ice Beast               Ice/Summoning                4
 H - a book of Flames

   Spells                             Type                      Level
   a - Flame Tongue                   Conjuration/Fire             1
   b - Throw Flame                    Conjuration/Fire             2
   c - Conjure Flame                  Conjuration/Fire             3
   d - Inner Flame                    Hexes/Fire                   3
   e - Sticky Flame                   Conjuration/Fire             4
   f - Fireball                       Conjuration/Fire             5
 I - a book of Cantrips

   Spells                             Type                      Level
   a - Confusing Touch                Hexes                        1
   b - Animate Skeleton               Necromancy                   1
   c - Summon Small Mammal            Summoning                    1
   d - Apportation                    Translocation                1
Comestibles
 b - 17 chunks of flesh
 c - 6 fruits
 f - 6 bread rations
 k - 4 royal jellies
 F - 3 meat rations


   Skills:
 + Level 5.7 Fighting
   Level 1.0 Crossbows
 + Level 5.7 Dodging
   Level 1.0 Shields
 * Level 9.9 Unarmed Combat
 - Level 1.2 Spellcasting
   Level 2.1 Ice Magic
 - Level 1.0 Evocations


You had 10 spell levels left.
You didn't know any spells.

Dungeon Overview and Level Annotations

Branches:
Dungeon (9/15)             Temple (1/1) D:4
   Lair: D:8-11         Orc: D:9-12

Altars:
Ashenzari
Fedhas
Gozag
Hepliaklqana
Kikubaaqudgha
Makhleb
Nemelex Xobeh
Okawaru
Qazlal
Ru
Trog
Uskayaw
Vehumet
Xom
Yredelemnul
The Shining One

Shops:
D:4 !   D:8 %   D:9 %


Innate Abilities, Weirdness & Mutations

You are too large for most types of armour.
You have claws for hands.
Your metabolism is lightning-fast.
You like to eat raw meat.
Your natural rate of healing is unusually fast.
You are covered in fur. (AC +1)
You have very tough skin. (AC +2)
You have large cloven feet.
Your system is resistant to poisons. (rPois)


Message History

You feel strangely unstable.
Unknown command.
You claw the orc!
You kill the orc!
The orc warrior hits you but does no damage.
The orc warrior hits you with a hand axe of venom!!
* * * LOW HITPOINT WARNING * * *
Unknown command.
You feel much better. The orc warrior barely misses you.
The orc warrior closely misses you.
You scratch the orc warrior. Your kick misses the orc warrior.
The orc warrior is lightly wounded.
Unknown command.
You claw the orc warrior! Your kick misses the orc warrior.
The orc warrior is moderately wounded.
The orc warrior hits you with a hand axe of venom!!
* * * LOW HITPOINT WARNING * * *
The orc warrior closely misses you.
The orc knight hits you with a war axe!!
You die...

.........###.........###.........
..........#..........##8.........
...)).....#...........#8o........
....).....#..........g'.....⌠....
....).....#...........#8.........
..........#.....og.g.##8g........
.........###)...ggog.###.........
##.....### ###oooog### ###.....##
###.#+# ###@### #'#.### ### ###
........### ..g...... g......o.#
...⌠.....# .........# .........#
........##


You could see an orc knight, 4 orc warriors, 2 gnolls, an orc, a hobgoblin and 4
goblins.

Vanquished Creatures
  An orc knight (Bailey)
  Psyche (D:8)
  A steam dragon (D:9)
  A hungry ghost (D:9)
  A water moccasin (D:7)
  3 orc warriors
  An ice beast (D:5)
  A black bear (D:8)
  A necrophage (D:5)
  The ghost of Glaeka the Slasher, an amateur HOSk (D:4)
  2 ogres
  2 centaurs
  A crocodile (D:9)
  A bullfrog (D:9)
  2 water moccasin zombies
  2 scorpions
  A howler monkey (D:4)
  A crimson imp (D:5)
  A quasit (D:7)
  A bullfrog zombie (D:8)
  6 hounds
  A jelly (D:8)
  2 orc priests
  An orc wizard (D:7)
  3 worker ants
  2 big kobold zombies (Ossuary)
  A hound skeleton (D:4)
  2 mummies (Ossuary)
  A howler monkey skeleton (D:4)
  18 gnolls
  5 adders
  An ooze (D:3)
  7 adder zombies (Ossuary)
  4 dart slugs
  2 worms
  3 leopard geckos
  26 orcs
  3 bats
  5 giant cockroaches
  5 gnoll zombies (Ossuary)
  19 goblins
  11 hobgoblins
  11 jackals
  5 quokkas
  A ball python skeleton (D:4)
  5 frilled lizards
  5 hobgoblin zombies (Ossuary)
  A jackal skeleton (D:5)
  7 kobolds
  2 kobold zombies (Ossuary)
  A leopard gecko zombie (D:5)
  An orc zombie (Ossuary)
  A quokka skeleton (D:5)
  A quokka zombie (D:7)
  6 rats
201 creatures vanquished.

Notes
Turn   | Place    | Note
-------+----------+-------------------------------------------
     0 | D:1      | Elitist the Troll Wanderer began the quest for the Orb.
     0 | D:1      | Elitist set off with: a book of Frost, a +0 mace, a +0 hand crossbow, 27 bolts, a +0 robe, 2 bread rations
     0 | D:1      | Reached XP level 1. HP: 16/16 MP: 1/1
   452 | D:1      | Reached skill level 1 in Unarmed Combat
   452 | D:1      | Reached XP level 2. HP: 26/26 MP: 2/2
   621 | D:2      | Reached skill level 1 in Fighting
   622 | D:2      | Reached XP level 3. HP: 33/33 MP: 3/3
   627 | D:2      | Reached skill level 2 in Unarmed Combat
   712 | D:2      | Reached XP level 4. HP: 38/41 MP: 4/4
  1432 | D:3      | Found an opulent altar of Gozag.
  1631 | D:3      | Reached skill level 3 in Unarmed Combat
  1815 | D:4      | Reached XP level 5. HP: 36/49 MP: 5/5
  1883 | D:4      | Found a sand-covered staircase.
  1891 | Ossuary  | Entered an ossuary
  2003 | Ossuary  | Reached skill level 4 in Unarmed Combat
  2136 | Ossuary  | Reached XP level 6. HP: 53/57 MP: 6/6
  2296 | D:4      | Noticed Glaeka's ghost (amateur HOSk)
  2303 | D:4      | Killed Glaeka's ghost
  2303 | D:4      | Reached skill level 5 in Unarmed Combat
  2762 | D:4      | Found Juh Agry's Distillery.
  2767 | D:4      | Bought a potion of mutation for 112 gold pieces
  2767 | D:4      | Bought a potion of berserk rage for 70 gold pieces
  2767 | D:4      | Gained mutation: You have large cloven feet. [potion of mutation]
  2767 | D:4      | Gained mutation: Your system is resistant to poisons. (rPois) [potion of mutation]
  2815 | D:4      | Found a staircase to the Ecumenical Temple.
  2971 | D:5      | Entered Level 5 of the Dungeon
  3038 | D:5      | Found a sacrificial altar of Ru.
  3043 | D:5      | Reached XP level 7. HP: 66/66 MP: 7/7
  3382 | Temple   | Entered the Ecumenical Temple
  3935 | D:5      | Reached skill level 6 in Unarmed Combat
  4234 | D:6      | Found a glowing drain.
  5016 | D:7      | Reached XP level 8. HP: 69/75 MP: 8/8
  5204 | D:7      | Reached skill level 7 in Unarmed Combat
  5838 | D:8      | Noticed Psyche
  5852 | D:8      | Killed Psyche
  5852 | D:8      | Reached skill level 8 in Unarmed Combat
  5861 | D:8      | Found Jiosh's Food Shoppe.
  5961 | D:8      | Reached XP level 9. HP: 85/85 MP: 9/9
  6406 | D:9      | Reached skill level 5 in Dodging
  6411 | D:9      | Reached skill level 5 in Fighting
  6448 | D:9      | Found Qeodasin's Food Boutique.
  6468 | D:9      | Reached skill level 9 in Unarmed Combat
  6494 | D:9      | Found a flagged portal.
  6541 | Bailey   | Entered a bailey
  6678 | Bailey   | Noticed an orc knight
  6706 | Bailey   | Killed an orc knight
  6797 | Bailey   | Noticed an orc warlord
  6840 | Bailey   | HP: 3/89 [orc warrior/war axe (16)]
  6850 | Bailey   | Noticed an orc knight
  6861 | Bailey   | Demolished by an orc knight

Vault maps used:
D:1:      minmay_arrival_checkered_box
D:2:      serial_glass, glass_columns_c, glass_columns_b
D:3:      nicolae_gozag_cash_rules_everything_around_me
D:4:      minmay_temple_entry_from_below_b, serial_shops, nicolae_shop_stone,
          lightli_ossuary_entry_decrepit_ruins
D:5:      old_standard_altar, first_bread
D:6:      portal_sewer_entry_a
D:8:      serial_shops, shop, uniq_psyche
D:9:      hangedman_cross_stitches, minitemple, overflow_temple_1_default,
          enter_bailey_7, serial_shops, kennysheep_mini_moat,
          blue_anna_alchemist, uniq_erica
Temple:   minmay_temple_curvy_branch
Ossuary:  ossuary_tomb_2
Bailey:   bailey_axe_minmay_hex_keep, bailey

Skill      XL: |  1  2  3  4  5  6  7  8  9 |
---------------+----------------------------+-----
Unarmed Combat | 1 2 3 4 5 6 8 9 |  9.9
Fighting       | 1 2 3 4 5 |  5.7
Dodging        | 2 3 4 5 |  5.7
Crossbows      | |  1.0
Shields        | |  1.0
Spellcasting   | |  1.2
Ice Magic      | |  2.1
Evocations     | |  1.0

Action                   |  1- 3 |  4- 6 |  7- 9 || total
-------------------------+-------+-------+-------++-------
Melee: Dagger            |    26 |       |       ||    26
       Unarmed           |    10 |   208 |   299 ||   517
       Punch             |     1 |     5 |     7 ||    13
       Kick              |       |     3 |    82 ||    85
 Fire: Hand crossbow     |    15 |       |       ||    15
Throw: Tomahawk          |       |       |    11 ||    11
Evoke: Wand              |       |       |     5 ||     5
  Use: Scroll            |       |     9 |     8 ||    17
       Potion            |       |     5 |     3 ||     8
 Stab: Sleeping          |     1 |     1 |       ||     2
       Paralysed         |       |       |     5 ||     5
  Eat: Chunk             |    11 |    22 |    36 ||    69
Armor: Robe              |    19 |    56 |    78 ||   153
Dodge: Dodged            |    26 |    92 |   170 ||   288
